cohdb
Replays
Latest Replays
All Replays
Popular Replays
Top Player Replays
Match Explorer
How It Works
Community
CoH3 Stats
Reddit
Sign in to upload your games and track your stats! →
Sign in with Steam
Match 44834345
Unlisted
Match 44834345
Overview
Messages
Build Orders
End
Kradschützen Motorcycle Team
Panzergrenadier Squad
250 Light Carrier
Construct Light Support Kompanie
Combat Half-tracks
Panzergrenadier Squad
Fire Support Elements
Vehicle Survival Package
Flakvierling Half-track
Pak 38 Mechanized Group
Construct Mechanized Kompanie
Veteran Squad Leaders
StuG III D Assault Gun
Selects Armored Support Battlegroup
Selects Salvage Kits
Selects Superior Fire Drills
2.5-tonne Medical Truck
254 Reconnaissance Tractor
Emergency Repair Kits
Selects Flammpanzer III Medium Tank
Selects Panzer Storm
Construct Panzerarmee Kommand
Pak 38 Mechanized Group
Walking Stuka Rocket Launcher
Selects Stuka Dive Bomb
Armored Reserves
Quantum Ash
KRAUT
馬的小霸王
Wei Xiang
SzDing
MarsAlien
PapagaioLouco
lplp4943718
0
0
Comments
sign in to comment!
No comments posted yet!